 Dungeon Crawl Stone Soup version 0.27-a0-1144-g0b7d3b79db (webtiles) character file.

Game seed: 15443168492288769030

5954 Vomitron the Destroyer (level 10, 0/87 (88) HPs)
             Began as a Green Draconian Conjurer on May 10, 2021.
             Was an Elder of Vehumet.
             Succumbed to Psyche's poison
             ... on level 9 of the Dungeon.
             The game lasted 00:23:12 (9405 turns).

Vomitron the Destroyer (Green Draconian Conjurer)   Turns: 9405, Time: 00:23:13

HP:   0/87 (88)     AC:  0    Str: 10    XL:     10   Next: 54%
MP:   20/20         EV: 19    Int: 21    God:    Vehumet [****..]
Gold: 1162          SH:  0    Dex: 15    Spells: 4/23 levels left

rFire    . . .     SeeInvis .   (weapon currently unavailable)
rCold    . . .     Faith    .   (shield currently unavailable)
rNeg     . . .     Spirit   .   (armour unavailable)
rPois    .         Reflect  .   (helmet currently unavailable)
rElec    .         Harm     .   (cloak currently unavailable)
rCorr    .         Rampage  .   (gloves currently unavailable)
Will     .....                  (boots currently unavailable)
Stlth    +.........             B - amulet of magic regeneration
HPRegen  0.24/turn              (ring currently unavailable)
MPRegen  0.42/turn              (ring currently unavailable)

@: confused, lethally poisoned (0 -> -27), short of breath, bat-form,
ambrosia-drunk, flying, lightly drained, very quick
A: fast, flying, no casting, (breathe noxious fumes), AC +7, tiny, unfitting
armour, (poison resistance), (cold-blooded)
a: Renounce Religion


You were on level 9 of the Dungeon.
You worshipped Vehumet.
Vehumet was greatly pleased with you.
You were a bat.
You visited 1 branch of the dungeon, and saw 9 of its levels.
You also visited: Sewer and Bailey.

You collected 1162 gold pieces.

Inventory:

Hand Weapons
 e - a +0 dagger
 k - a +2 whip of electrocution
 A - the +3 demon trident "Hydrabane" {freeze, Drain rCorr Str+4 Int+3}
   (You found it on level 7 of the Dungeon)

   It has been specially enchanted to freeze those struck by it, causing extra
   injury to most foes and up to half again as much damage against particularly
   susceptible opponents.
   It can also slow down cold-blooded creatures.
   It affects your strength (+4).
   It affects your intelligence (+3).
   It protects you from acid and corrosion.
   It drains your maximum health when unequipped.
 D - a +6 trident of flaming (melded)
Missiles
 u - a throwing net
Armour
 w - a +2 pair of boots (melded)
 E - a +0 buckler
Magical Staves
 l - a staff of fire
 x - a staff of conjuration
Jewellery
 c - a ring of ice
 r - an amulet of faith
 B - an amulet of magic regeneration (around neck)
 G - a +6 ring of strength
Wands
 p - a wand of flame (14)
 y - a wand of polymorph (9)
 C - a wand of acid (11)
Scrolls
 g - 3 scrolls of enchant weapon {unknown}
 i - a scroll of enchant armour {unknown}
 n - 7 scrolls of identify
 s - 5 scrolls of teleportation
 t - 2 scrolls of amnesia {unknown}
 v - a scroll of blinking {unknown}
 H - a scroll of fog {unknown}
Potions
 a - a potion of ambrosia
 b - 2 potions of brilliance
 d - a potion of lignification {unknown}
 f - 2 potions of flight {unknown}
 h - 2 potions of berserk rage
 j - 2 potions of haste {unknown}
 m - 2 potions of invisibility {unknown}
 o - 2 potions of curing {unknown}
 q - 2 potions of heal wounds {unknown}
 F - a potion of mutation {unknown}
Miscellaneous
 z - a lightning rod (4/4)


   Skills:
 + Level 7.7 Fighting
 - Level 1.7 Dodging
 - Level 1.7 Stealth
 + Level 2.8 Shields
 + Level 7.0 Spellcasting
 + Level 10.7 Conjurations
 - Level 2.0 Translocations
 + Level 3.9 Fire Magic
 - Level 4.0 Ice Magic


You had 4 spell levels left.
You knew the following spells:

 Your Spells              Type           Power      Damage    Failure   Level
a - Magic Dart            Conj           100%       1d8       1%          1
b - Searing Ray           Conj           100%       3d7       1%          2
c - Frozen Ramparts       Ice            48%        1d6       1%          3
d - Iskenderun's Mystic   Conj/Tloc      34%        2d8       1%          4
e - Fulminant Prism       Conj/Hex       14%        3d9       2%          4
f - Fireball              Conj/Fire      19%        3d9       3%          5

Your spell library contained the following spells:

 Spells                   Type           Power      Damage    Failure   Level
 Dazzling Flash           Conj/Hex       58%        N/A       1%          3
 Beastly Appendage        Tmut           14%        N/A       9%          1
 Summon Small Mammal      Summ           28%        N/A       9%          1
 Call Imp                 Summ           7%         N/A       13%         2
 Wereblood                Tmut           7%         N/A       13%         2
 Call Canine Familiar     Summ           7%         N/A       26%         3
 Spider Form              Tmut/Pois      3%         N/A       26%         3
 Summon Guardian Golem    Hex/Summ       7%         N/A       26%         3
 Ice Form                 Ice/Tmut       15%        N/A       36%         4
 Summon Ice Beast         Ice/Summ       15%        N/A       36%         4
 Cause Fear               Hex            3%         N/A       65%         4
 Summon Lightning Spire   Summ/Air       7%         N/A       65%         4
 Yara's Violent Unravell  Hex/Tmut       3%         3d4       50%         5
 Hydra Form               Tmut           3%         N/A       94%         5
 Silence                  Hex/Air        3%         N/A       94%         5
 Discord                  Hex            3%         N/A       100%        8


Dungeon Overview and Level Annotations

Branches:
Dungeon (9/15)             Temple (0/1) D:4           Sewer (visited)
 Bailey (visited)
   Lair: D:8-11         Orc: D:9-12

Altars:
Vehumet
Zin

Shops:
D:4 [

Annotations:
D:9 Psyche


Innate Abilities, Weirdness & Mutations

You are a bat.
You are tiny and dextrous.
You move quickly.
You are flying.
Your equipment is almost entirely melded.
You are incapable of wielding weapons or throwing items.
You cannot cast spells.
((You can breathe blasts of noxious fumes.))
((Your lurid green scales are hard. (AC +7)))
You cannot fit into any form of body armour.
((Your system is resistant to poisons. (rPois)))
((You are cold-blooded and may be slowed by cold attacks.))


Message History

The wall freezes something.
You hear some strange, mumbled words.
You turn into a bat.
Your +6 trident of flaming melds into your body.
Your +2 pair of boots melds into your body.
Your +6 trident of flaming stops flaming.
Unknown command.
Unknown command.
Unknown command.
Unknown command.
Unknown command.
Unknown command.
The wall freezes something.
Something hits you.
You are electrocuted!
Unknown command.
The wall freezes something.
Something barely misses you.
The frozen ramparts melt away.
Something hits you! Something freezes you.
You bump into the rock wall.
Something closely misses you.
You hear some strange, mumbled words.
A swirling arc of seething chaos appears!
An arc of chaos appears from out of thin air!
The arc of chaos hits you.
The arc of chaos grounds out.
You bump into the rock wall.
Something hits you!
You bump into the rock wall.
Something hits you! Something freezes you.
You bump into the rock wall.
You feel less confused. Something hits you!
* * * LOW HITPOINT WARNING * * *
You are poisoned.
Something hits you!
* * * LOW HITPOINT WARNING * * *
You are more poisoned.
You are confused.
You feel invigorated.
* * * LOW HITPOINT WARNING * * *
You feel very sick. Something hits you.
* * * LOW HITPOINT WARNING * * *
You are more poisoned.
Unknown command.
You die...

..... #.#### #.# .....
#....# #.#
..§...##..#.########>#
§§§§..#..............#
§§≈≈..'.....##########
§§§≈..'.....#
......##@.#.# .....
#..#{# ..@. #..#b# ...
#....# .. #.#### . #.#
#.# #.# #.# #.# #.#


There were no monsters in sight!

Vanquished Creatures
  A two-headed ogre (D:8)
  A hornet (D:7)
  Prince Ribbit (D:6)
  5 yaks (D:9)
  A wraith (D:7)
  Grum (D:8)
  A steam dragon (D:8)
  An acid dragon (D:8)
  2 water moccasins
  Duvessa (D:6)
  A black bear (D:5)
  Purgy (Sewer)
  An ice beast (D:7)
  8 orc warriors
  A sky beast (D:7)
  3 ogres
  4 wolves (D:8)
  2 necrophages
  A phantom (D:5)
  A kobold brigand (D:8)
  A gnoll sergeant (D:8)
  3 scorpions
  2 wyvern zombies
  3 bullfrogs
  Dowan (D:6)
  3 water moccasin skeletons
  An electric eel (D:7)
  2 howler monkeys
  A centaur zombie (D:8)
  A bullfrog zombie (D:7)
  3 hounds
  2 orc priests
  A jelly (D:5)
  3 iguanas
  4 orc wizards
  2 killer bee zombies (D:7)
  A hound zombie (D:5)
  A hound skeleton (D:4)
  A howler monkey zombie (D:8)
  4 adders
  11 gnolls
  A river rat (D:5)
  4 white imps
  2 ufetubi
  2 worms
  16 orcs
  7 ball pythons
  3 endoplasms
  6 giant cockroaches
  4 goblins (Bailey)
  6 hobgoblins
  8 jackals
  A quokka (D:4)
  7 bats
  4 frilled lizards
  25 kobolds
  8 rats
193 creatures vanquished.

Vanquished Creatures (others)
  3 fulminant prisms (Bailey)
3 creatures vanquished.

Grand Total: 196 creatures vanquished

Notes
Turn   | Place    | Note
-------+----------+-------------------------------------------
     0 | D:1      | Vomitron the Draconian Conjurer began the quest for the
                  | Orb.
     0 | D:1      | Reached XP level 1. HP: 14/14 MP: 3/3
   136 | D:1      | Found a faded altar of an unknown god.
   167 | D:1      | Became a worshipper of Vehumet
   167 | D:1      | Reached * piety under Vehumet
   167 | D:1      | Offered knowledge of Shock by Vehumet.
   224 | D:1      | Reached XP level 2. HP: 20/20 MP: 0/5
   549 | D:1      | Learned a level 2 spell: Searing Ray
  1231 | D:2      | Reached XP level 3. HP: 27/27 MP: 2/6
  1507 | D:2      | Reached skill level 1 in Fighting
  2164 | D:3      | Offered knowledge of Foxfire by Vehumet.
  2165 | D:3      | Reached skill level 5 in Conjurations
  2165 | D:3      | Reached XP level 4. HP: 28/35 MP: 1/8
  2278 | D:3      | Reached ** piety under Vehumet
  3168 | D:4      | Found Qopp's Armour Shoppe.
  3303 | D:4      | Noticed a necrophage
  3309 | D:4      | Killed a necrophage
  3310 | D:4      | Reached XP level 5. HP: 41/41 MP: 1/9
  3387 | D:4      | Found a staircase to the Ecumenical Temple.
  3515 | D:4      | Found a glowing silver altar of Zin.
  3780 | D:5      | Entered Level 5 of the Dungeon
  3831 | D:5      | Found a glowing drain.
  3895 | Sewer    | Entered a sewer
  3958 | Sewer    | Noticed Purgy
  4002 | Sewer    | Killed Purgy
  4003 | Sewer    | Reached skill level 6 in Conjurations
  4003 | Sewer    | Reached XP level 6. HP: 50/50 MP: 7/11
  4116 | D:5      | Offered knowledge of Frozen Ramparts by Vehumet.
  4121 | D:5      | Learned a level 3 spell: Frozen Ramparts
  4476 | D:5      | Reached skill level 1 in Ice Magic
  4476 | D:5      | Your scales start taking on a lurid green colour.
  4476 | D:5      | Reached XP level 7. HP: 57/57 MP: 8/12
  4476 | D:5      | Gained mutation: Your system is resistant to poisons.
                  | (rPois) [Green Draconian growth]
  4589 | D:5      | Reached skill level 7 in Conjurations
  4846 | D:5      | Reached *** piety under Vehumet
  5096 | D:5      | Reached XP level 8. HP: 67/67 MP: 7/14
  5462 | D:6      | Noticed Dowan
  5463 | D:6      | Noticed Duvessa
  5477 | D:6      | Killed Dowan
  5480 | D:6      | Killed Duvessa
  5678 | D:6      | Reached skill level 8 in Conjurations
  5793 | D:6      | Noticed Prince Ribbit
  5799 | D:6      | Killed Prince Ribbit
  5800 | D:6      | Reached skill level 5 in Fighting
  5800 | D:6      | Reached skill level 5 in Spellcasting
  5856 | D:6      | Learned a level 4 spell: Iskenderun's Mystic Blast
  6423 | D:6      | Offered knowledge of Conjure Flame by Vehumet.
  6792 | D:7      | Reached XP level 9. HP: 74/74 MP: 17/17
  6814 | D:7      | Found a flagged portal.
  6819 | Bailey   | Entered a bailey
  6829 | Bailey   | Learned a level 4 spell: Fulminant Prism
  6844 | Bailey   | Reached skill level 9 in Conjurations
  6855 | Bailey   | Reached skill level 1 in Translocations
  6955 | Bailey   | Reached **** piety under Vehumet
  7102 | D:7      | Offered knowledge of Fireball by Vehumet.
  7213 | D:7      | Learned a level 5 spell: Fireball
  7347 | D:7      | Reached skill level 1 in Fire Magic
  7375 | D:7      | Reached skill level 10 in Conjurations
  7697 | D:7      | Identified the +3 demon trident "Hydrabane" {freeze, Drain
                  | rCorr Str+4 Int+3}
  8329 | D:8      | Reached XP level 10. HP: 84/84 MP: 19/19
  8331 | D:8      | Noticed a two-headed ogre
  8340 | D:8      | Killed a two-headed ogre
  8341 | D:8      | Reached skill level 1 in Shields
  8536 | D:8      | Identified the +2 plate armour of a wizard's laboratory
                  | {Dex+6 Stlth+}
  8755 | D:8      | Noticed Grum
  8763 | D:8      | Killed Grum
  9370 | D:9      | Noticed Psyche
  9404 | D:9      | HP: 1/87 [something (5)]
  9405 | D:9      | Succumbed to Psyche's poison

Illustrated notes

Levels and vault maps discovered:
D:1:      dpeg_arrival_prison, layout_loops_ring, basic_ecumenical_altar
D:2:      layout_loops_corners
D:3:      layout_basic
D:4:      layout_cave_pools, zin_treasury, minmay_temple_entry_hall,
          serial_shops, shop_fountains
D:5:      layout_cave_pods, portal_sewer_entry_b, kennysheep_small_circle
D:6:      layout_cave_pools, chequers_serial_rivers_small_3,
          minmay_misc_feat_more_columns, uniq_duvessa, uniq_prince_ribbit1
D:7:      minmay_octagon_keep, layout_basic, enter_bailey_1,
          grunt_decor_resistance, nrook_pool_corridor
D:8:      layout_cave_pools, serial_column_ruins,
          column_ruins_open_medium_water, column_ruins_grid_3,
          column_ruins_grid_1, column_ruins_grid_1, column_ruins_open_tiny,
          kennysheep_small_square, uniq_grum
D:9:      layout_loops_corners, kennysheep_cross_room, uniq_psyche, uniq_maurice

Skill      XL: |  1  2  3  4  5  6  7  8  9 10 |
---------------+-------------------------------+-----
Fighting       | 1 2 3 4 5 6 7 |  7.7
Conjurations   | 5 6 7 8 10 | 10.7
Spellcasting   | 3 4 5 6 7 |  7.0
Ice Magic      | 1 2 4 |  4.0
Translocations | 2 |  2.0
Fire Magic     | 2 3 |  3.9
Shields        | 2 |  2.8
Dodging        | |  1.7
Stealth        | |  1.7

Action                   |  1- 3 |  4- 6 |  7- 9 | 10-12 || total
-------------------------+-------+-------+-------+-------++-------
Melee: Unarmed           |    31 |       |       |       ||    31
       Tailslap          |     1 |     3 |     3 |     1 ||     8
       Dagger            |     5 |    10 |       |       ||    15
       Whip              |       |    46 |    63 |       ||   109
       Trident           |       |       |     5 |    32 ||    37
 Cast: Magic Dart        |    59 |    55 |    58 |     2 ||   174
       Searing Ray       |     4 |    12 |    47 |     7 ||    70
       Fireball          |       |       |     5 |     2 ||     7
       Fulminant Prism   |       |       |     3 |       ||     3
       Frozen Ramparts   |       |       |       |     4 ||     4
 Abil: Breathe Noxious F |       |       |    13 |     2 ||    15
  Use: Scroll            |       |     4 |       |       ||     4
       Potion            |       |     1 |       |     1 ||     2
 Stab: Sleeping          |     1 |     1 |       |       ||     2
       Confused          |       |       |       |     3 ||     3
Armor: Skin              |    15 |    23 |    33 |    18 ||    89
Dodge: Dodged            |    33 |    42 |    66 |    22 ||   163

Table legend: (Time is in decaauts)
 A = Elapsed time spent in this place.
 B = Non-inter-level travel time spent in this place.
 C = Inter-level travel time spent in this place.
 D = Time resting spent in this place.
 E = Time spent auto-exploring this place.
 F = Levels seen in this place.
 G = Mean time per level.
                   A        B        C        D        E       F      G
               +--------+--------+--------+--------+--------+-----+--------+
         Total |   9444 |   9145 |    299 |   1935 |   5828 |  11 |  858.5 |
       Dungeon |   8974 |   8675 |    299 |   1800 |   5727 |   9 |  997.1 |
         Sewer |    200 |    200 |      0 |     39 |    101 |   1 |  200.0 |
        Bailey |    269 |    269 |      0 |     96 |      0 |   1 |  269.0 |
               +--------+--------+--------+--------+--------+-----+--------+

Top non-repeatable levels by time:
     D:5: 1470 daAuts
     D:7: 1277 daAuts
     D:6: 1212 daAuts
     D:3: 1177 daAuts
     D:1: 1170 daAuts
     D:8: 940 daAuts
     D:2: 865 daAuts
     D:4: 569 daAuts
     D:9: 292 daAuts
  Bailey: 269 daAuts
   Sewer: 200 daAuts
